 Dungeon Crawl Stone Soup version 0.30.1-11-g7821555f0a (webtiles) character file.

Game seed: 2474674425045664759

4545 Groucho the Nimble (level 10, -8/44 HPs)
             Began as a Spriggan Conjurer on Nov 1, 2023.
             Was a Follower of Vehumet.
             Shot with an arrow by a centaur (12 damage)
             ... on level 9 of the Dungeon.
             The game lasted 00:33:27 (20338 turns).

Groucho the Nimble (Spriggan Conjurer)             Turns: 20338, Time: 00:33:28

Health: -8/44      AC:  3    Str:  3    XL:     10   Next: 17%
Magic:  22/23      EV: 26    Int: 24    God:    Vehumet [*.....]
Gold:   413        SH:  0    Dex: 14    Spells: 11/25 levels left

rFire   . . .        a - +4 quarterstaff (chaos)
rCold   + . .        (shield currently unavailable)
rNeg    . . .        B - +0 robe {rC+}
rPois   .            (helmet restricted)
rElec   .            j - +0 cloak
rCorr   .            (gloves unavailable)
SInv    +            (boots unavailable)
Will    +....        g - amulet of magic regeneration
Stlth   ++           h - +5 ring of evasion
HPRegen 0.27/turn    (no ring)
MPRegen 0.58/turn

%: no passive effects
@: slowed, quick
A: very small, no large weapons, unfitting armour, see invisible, speed 3
a: Renounce Religion


You were on level 9 of the Dungeon.
You worshipped Vehumet.
Vehumet was aware of your devotion.
You visited 2 branches of the dungeon, and saw 10 of its levels.
You also visited: Sewer.

You collected 413 gold pieces.

Inventory:

Hand Weapons
 a - a +4 quarterstaff of chaos (weapon)
Armour
 j - a +0 cloak (worn)
 B - a +0 robe of cold resistance (worn)
Jewellery
 e - a ring of fire
 g - an amulet of magic regeneration (around neck)
 h - a +5 ring of evasion (left hand)
 v - a ring of poison resistance
Wands
 s - a wand of iceblast (24)
 F - a wand of digging (3)
Scrolls
 f - 17 scrolls of identify {unknown}
 i - 3 scrolls of enchant armour {unknown}
 k - 3 scrolls of magic mapping {unknown}
 m - 2 scrolls of immolation {unknown}
 r - 2 scrolls of teleportation {unknown}
 u - 3 scrolls of fog {unknown}
 w - a scroll of blinking {unknown}
 y - a scroll of noise {unknown}
 A - 3 scrolls of enchant weapon {unknown}
 E - a scroll of fear {unknown}
 G - a scroll of poison {unknown}
Potions
 b - 2 potions of magic
 c - 2 potions of brilliance {unknown}
 d - a potion of berserk rage {unknown}
 l - 3 potions of flight {unknown}
 n - 2 potions of haste {unknown}
 o - a potion of lignification {unknown}
 p - a potion of invisibility {unknown}
 q - 4 potions of heal wounds {unknown}
 t - 3 potions of mutation {unknown}
 x - a potion of cancellation {unknown}
 z - a potion of ambrosia {unknown}
 C - a potion of attraction {unknown}
 D - a potion of curing {unknown}


   Skills:
 + Level 8.8 Dodging
 - Level 3.0 Stealth
 + Level 8.3 Spellcasting
 * Level 8.1 Conjurations
 + Level 5.5 Hexes
 + Level 6.5 Translocations


You had 11 spell levels left.
You knew the following spells:

 Your Spells              Type           Power      Damage    Failure   Level
a - Magic Dart            Conj           100%       1d8       1%          1
b - Searing Ray           Conj           96%        2d7       1%          2
c - Dazzling Flash        Conj/Hex       84%        N/A       1%          3
d - Fulminant Prism       Conj/Hex       21%        3d12      3%          4
e - Iskenderun's Mystic   Conj/Tloc      45%        2d10      3%          4

Your spell library contained the following spells:

 Spells                   Type           Power      Damage    Failure   Level
 Kiss of Death            Conj/Necr      100%       2d13      1%          1


Dungeon Overview and Level Annotations

Branches:
Dungeon (9/15)             Temple (1/1) D:6             Orc (0/2) D:9
  Sewer (visited)
   Lair: D:8-11

Altars:
Ashenzari
Cheibriados
Dithmenos
Elyvilon
Fedhas
Gozag
Hepliaklqana
Kikubaaqudgha
Makhleb
Nemelex Xobeh
Okawaru
Qazlal
Ru
Sif Muna
Trog
Uskayaw
Vehumet
Wu Jian
Xom
Yredelemnul
Zin
The Shining One

Shops:
D:8 :


Innate Abilities, Weirdness & Mutations

You are very small and have problems with some larger weapons.
You are too small for most types of armour.
You have supernaturally acute eyesight. (SInv)
You cover ground extremely quickly. (Speed+++)


Message History

The kobold brigand is moderately wounded.
You feel very sick.
The kobold brigand throws a curare-tipped dart.
The curare-tipped dart completely misses you.
A centaur comes into view.
Unknown command.
Casting: Magic Dart (safe; 1% risk of failure)
Confirm with . or Enter, or press ? or * to list all spells.
Aiming: Magic Dart (safe; 1% risk of failure)
Press: ? - help, Shift-Dir - straight line, f/p - kobold brigand
Aim: a kobold brigand, wielding a +0 dagger and quivering curare-tipped darts (moderately wounded, 100% to hit)
The magic dart hits the kobold brigand but does no damage.
The kobold brigand is moderately wounded.
You feel very sick.
The centaur wields a +0 shortbow.
The centaur shoots an arrow.
The arrow misses you.
Unknown command.
Unknown command.
Casting: Magic Dart (safe; 1% risk of failure)
Confirm with . or Enter, or press ? or * to list all spells.
Aiming: Magic Dart (safe; 1% risk of failure)
Press: ? - help, Shift-Dir - straight line, f/p - kobold brigand
Aim: a kobold brigand, wielding a +0 dagger and quivering curare-tipped darts (moderately wounded, 100% to hit)
The magic dart hits the kobold brigand.
The kobold brigand is heavily wounded.
You feel very sick.
The centaur shoots an arrow.
The arrow barely misses you.
Unknown command.
You feel sick.
The centaur shoots an arrow.
The arrow completely misses you.
You feel sick.
The centaur shoots an arrow.
The arrow misses you.
The centaur shoots an arrow.
The arrow hits you.
There is a stone staircase leading up here.
You feel sick.
The centaur shoots an arrow.
The arrow hits you!
* * * LOW HITPOINT WARNING * * *
The kobold brigand throws a curare-tipped dart.
The curare-tipped dart misses you.
You feel sick.
You are no longer poisoned.
The centaur shoots an arrow.
The arrow hits you!
You die...

#....##... ......
#.....#..##......
#...............##
.................
.........<.......#.
..............#.[..
..............##...
...................
.......@.).........
...................
.......K...........
...........).......
.....c.............
#..................
...................
.......##..........
.. .#....#
#......#...


You could see a kobold brigand and a centaur.

Vanquished Creatures
  A two-headed ogre (D:9)
  Pikel (D:5)
  Sigmund (D:2)
  2 yaks (D:8)
  A water moccasin (D:7)
  2 black bears
  An ice beast (D:8)
  An orc warrior (D:6)
  2 ogres (D:9)
  A phantom (D:6)
  4 gnoll sergeants
  6 kobold brigands
  2 bullfrogs (D:7)
  3 scorpions
  A howler monkey (D:5)
  3 hounds
  2 jellies
  5 orc priests
  Crazy Yiuf (D:5)
  An iguana (D:6)
  2 sleepcaps
  8 orc wizards
  Ijyb (D:3)
  Robin (D:2)
  5 adders
  14 gnolls
  2 ufetubi (D:5)
  7 worms
  28 orcs
  9 ball pythons
  9 bats
  5 endoplasms
  6 giant cockroaches
  13 goblins
  9 hobgoblins
  3 jackals (D:1)
  39 kobolds
  7 quokkas
  5 frilled lizards
  9 rats
223 creatures vanquished.

Vanquished Creatures (others)
  Maurice (D:8)
1 creature vanquished.

Grand Total: 224 creatures vanquished

Notes
Turn   | Place    | Note
-------+----------+-------------------------------------------
     0 | D:1      | Groucho the Spriggan Conjurer began the quest for the Orb.
     0 | D:1      | Reached XP level 1. HP: 9/9 MP: 5/5
   249 | D:1      | Reached XP level 2. HP: 13/13 MP: 0/6
   945 | D:2      | Learned a level 2 spell: Searing Ray
  1208 | D:1      | Reached XP level 3. HP: 16/16 MP: 5/8
  2508 | D:2      | Learned a level 3 spell: Dazzling Flash
  2943 | D:2      | Noticed Sigmund
  2952 | D:2      | Killed Sigmund
  2953 | D:2      | Reached XP level 4. HP: 19/21 MP: 2/10
  2953 | D:2      | Reached XP level 5. HP: 22/24 MP: 2/11
  3694 | D:2      | Learned a level 4 spell: Fulminant Prism
  4290 | D:2      | Noticed Robin
  4334 | D:2      | Killed Robin
  5255 | D:3      | Found an ancient bone altar of Kikubaaqudgha.
  5283 | D:3      | Noticed Ijyb
  5290 | D:3      | Killed Ijyb
  5291 | D:3      | Reached XP level 6. HP: 28/28 MP: 8/13
  5492 | D:3      | Found a glowing drain.
  5571 | Sewer    | Entered a sewer
  5900 | Sewer    | Reached skill level 5 in Conjurations
  6800 | D:3      | Reached skill level 5 in Dodging
  7203 | D:4      | Reached skill level 5 in Spellcasting
  7205 | D:4      | Reached XP level 7. HP: 32/32 MP: 6/15
  8103 | D:4      | Found a sparkling altar of Nemelex Xobeh.
  8103 | D:4      | Found a shimmering altar of Xom.
  8367 | D:5      | Entered Level 5 of the Dungeon
  9467 | D:4      | Reached XP level 8. HP: 36/36 MP: 13/18
  9483 | D:4      | Learned a level 4 spell: Iskenderun's Mystic Blast
  9719 | D:5      | Found a runed translucent door.
  9720 | D:5      | Noticed Crazy Yiuf
  9860 | D:5      | Noticed Pikel
  9888 | D:5      | Killed Pikel
 10106 | D:5      | Killed Crazy Yiuf
 12834 | D:6      | Found a staircase to the Ecumenical Temple.
 12900 | Temple   | Entered the Ecumenical Temple
 13062 | Temple   | Became a worshipper of Vehumet
 14428 | D:7      | Reached XP level 9. HP: 30/39 MP: 14/20
 17470 | D:8      | Reached * piety under Vehumet
 17470 | D:8      | Offered knowledge of Kiss of Death by Vehumet.
 17478 | D:8      | Reached skill level 5 in Translocations
 17974 | D:8      | Found Koavvecu's Book Boutique.
 18051 | D:8      | Noticed Maurice
 18086 | D:9      | Noticed a brown ugly thing
 18087 | D:9      | Noticed a two-headed ogre
 18609 | D:8      | Killed Maurice
 19195 | D:8      | Reached skill level 5 in Hexes
 19795 | D:9      | Found a staircase to the Orcish Mines.
 19795 | D:9      | Noticed a troll
 19823 | D:9      | Reached XP level 10. HP: 44/44 MP: 20/23
 20324 | D:9      | Killed a two-headed ogre
 20338 | D:9      | Shot with an arrow by a centaur

Illustrated notes

Levels and vault maps discovered:
D:1:      dpeg_arrival_arbitrary_a, layout_basic
D:2:      kennysheep_big_flooded_room, layout_basic, nicolae_wormholes,
          uniq_sigmund, uniq_robin
D:3:      layout_rooms, overflow_temple_1_default, portal_sewer_entry_c,
          uniq_ijyb
D:4:      layout_loops_ring, amethyst_overflow_temple_binary
D:5:      layout_loops_ring, minmay_misc_feat_tiny, uniq_crazy_yiuf_cottage,
          uniq_pikel
D:6:      layout_gridville, temple_green
D:7:      layout_basic
D:8:      layout_basic, serial_shops, nicolae_book_shop_shelving, uniq_maurice
D:9:      layout_cave_pools, kennysheep_orc_monster_closet_entryway,
          serial_shops, nicolae_shop_tiny_glass
Temple:   nicolae_temple_bog_church

Skill      XL: |  1  2  3  4  5  6  7  8  9 10 |
---------------+-------------------------------+-----
Conjurations   | 3 4 5 6 7 8 |  8.1
Spellcasting   | 3 4 5 6 7 8 |  8.3
Dodging        | 4 5 6 7 8 |  8.8
Hexes          | 3 5 |  5.5
Translocations | 3 6 |  6.5
Stealth        | |  3.0

Action                     |  1- 3 |  4- 6 |  7- 9 | 10-12 || total
---------------------------+-------+-------+-------+-------++-------
  Melee: Dagger            |     5 |     1 |       |       ||     6
   Cast: Magic Dart        |    67 |   116 |   177 |    10 ||   370
         Searing Ray       |     3 |    16 |    71 |     5 ||    95
   Stab: Sleeping          |     1 |     1 |       |       ||     2
 Armour: Robe              |     1 |       |       |       ||     1
  Dodge: Dodged            |    15 |    24 |    91 |    14 ||   144
